 Dungeon Crawl Stone Soup version 0.30-a0-760-g5a9884bb7c (webtiles) character file.

Game seed: 16246058443161060879

1522 Lobster4 the Magician (level 8, -1/45 HPs)
             Began as a Deep Elf Earth Elementalist on Feb 10, 2023.
             Was a Follower of Vehumet.
             Killed by divine providence
             ... invoked by an orc priest
              (13 damage)
             ... on level 6 of the Dungeon.
             The game lasted 00:17:19 (5522 turns).

Lobster4 the Magician (Deep Elf Earth Elementalist) Turns: 5522, Time: 00:17:20

Health: -1/45      AC:  5    Str:  5    XL:     8   Next: 54%
Magic:  1/18       EV: 14    Int: 23    God:    Vehumet [*.....]
Gold:   260        SH:  0    Dex: 15    Spells: 10/17 levels left

rFire   + + +      SeeInvis .    a - staff of earth
rCold   + . .      Faith    .    (no shield)
rNeg    + . .      Spirit   .    C - +2 robe {rC+ rF+}
rPois   .          Reflect  .    (no helmet)
rElec   .          Harm     .    (no cloak)
rCorr   +          Rampage  .    u - +0 pair of gloves
Will    .....                    (no boots)
Stlth   +++                      (no amulet)
HPRegen 0.27/turn                y - ring of Darkness {rF++ rCorr}
MPRegen 0.16/turn                e - ring of positive energy

@: about to teleport
A: no striking features
a: Renounce Religion


You were on level 6 of the Dungeon.
You worshipped Vehumet.
Vehumet was aware of your devotion.
You visited 2 branches of the dungeon, and saw 7 of its levels.
You also visited: Sewer.

You collected 260 gold pieces.

Inventory:

Hand Weapons
 k - a +0 dagger of venom
 p - a +6 rapier of protection
 r - a +1 short sword of venom
Missiles
 g - 4 curare-tipped darts
 x - a poisoned dart (quivered)
 B - 3 atropa-tipped darts
Armour
 m - a +0 buckler
 u - a +0 pair of gloves (worn)
 C - a +2 robe of resistance (worn)
Magical Staves
 a - a staff of earth (weapon)
Jewellery
 e - a ring of positive energy (right hand)
 f - a ring of protection from fire
 y - the ring of Darkness (left hand) {rF++ rCorr}
   (You found it on level 3 of the Dungeon)

   [ring of resist corrosion]

   rF:        It greatly protects you from fire.
   rCorr:     It protects you from acid and corrosion.
Wands
 j - a wand of flame (13)
Scrolls
 h - a scroll of fear {unknown}
 q - a scroll of summoning {unknown}
Potions
 b - a potion of magic
 c - 5 potions of curing
 d - 4 potions of haste
 l - 3 potions of might {unknown}
 n - a potion of berserk rage
 o - 3 potions of attraction {unknown}
 s - 2 potions of lignification {unknown}
 t - a potion of cancellation
 v - 2 potions of flight
 A - 2 potions of ambrosia {unknown}


   Skills:
 + Level 2.7 Fighting
 - Level 2.0 Short Blades
 - Level 2.0 Staves
 + Level 2.3 Throwing
 + Level 4.7 Dodging
 + Level 5.1 Stealth
 + Level 2.5 Shields
 + Level 5.4 Spellcasting
 + Level 3.5 Conjurations
 - Level 1.1 Transmutations
 + Level 5.0 Earth Magic
 + Level 3.2 Evocations


You had 10 spell levels left.
You knew the following spells:

 Your Spells              Type           Power      Damage    Failure   Level
a - Magic Dart            Conj           88%        1d7       2%          1
b - Sandblast             Erth           86%        2d18      1%          1
c - Stone Arrow           Conj/Erth      76%        3d11      4%          3
d - Passwall              Tmut/Erth      25%        N/A       3%          2

Your spell library contained the following spells:

 Spells                   Type           Power      Damage    Failure   Level
 Freeze                   Ice            24%        1d4       9%          1
 Dazzling Flash           Conj/Hex       28%        N/A       13%         3
 Call Imp                 Summ           6%         N/A       14%         2
 Mephitic Cloud           Conj/Pois/Air  11%        N/A       17%         3
 Ignite Poison            Fire/Tmut/Pois 7%         N/A       24%         3
 Tukima's Dance           Hex            6%         N/A       26%         3
 Petrify                  Tmut/Erth      30%        N/A       26%         4
 Animate Armour           Summ/Erth      52%        N/A       32%         4
 Sticky Flame             Conj/Fire      14%        2d4       41%         4
 Passage of Golubria      Tloc           6%         N/A       65%         4
 Yara's Violent Unravell  Hex/Tmut       4%         3d4       90%         5
 Agony                    Necr           6%         N/A       94%         5
 Silence                  Hex/Air        3%         N/A       94%         5
 Ignition                 Fire           3%         3d4       100%        8
 Lehudib's Crystal Spear  Conj/Erth      19%        10d6      100%        8


Dungeon Overview and Level Annotations

Branches:
Dungeon (6/15)             Temple (1/1) D:4           Sewer (visited)

Altars:
Elyvilon
Gozag
Kikubaaqudgha
Nemelex Xobeh
Sif Muna
Uskayaw
Vehumet
Wu Jian
Yredelemnul
Zin

Annotations:
D:5 1 runed translucent door, Crazy Yiuf


Message History

Aiming: Magic Dart (safe; 2% risk of failure)
Press: ? - help, Shift-Dir - straight line, f/p - orc priest
Aim: an orc priest, wielding a +0 whip and wearing a +0 leather armour (heavily wounded, 100% to hit)
The magic dart hits the orc priest but does no damage.
The orc priest is heavily wounded.
The orc priest hits you with a +0 whip.
Casting: Magic Dart (safe; 2% risk of failure)
Confirm with . or Enter, or press ? or * to list all spells.
Aiming: Magic Dart (safe; 2% risk of failure)
Press: ? - help, Shift-Dir - straight line, f/p - orc priest
Aim: an orc priest, wielding a +0 whip and wearing a +0 leather armour (heavily wounded, 100% to hit)
The magic dart hits the orc priest but does no damage.
The orc priest is heavily wounded.
The orc priest mumbles some strange prayers to Beogh against you.
Pain shoots through your body!
The orc priest looks encouraged for a moment.
Casting: Magic Dart (safe; 2% risk of failure)
Confirm with . or Enter, or press ? or * to list all spells.
Aiming: Magic Dart (safe; 2% risk of failure)
Press: ? - help, Shift-Dir - straight line, f/p - orc priest
Aim: an orc priest, wielding a +0 whip and wearing a +0 leather armour (heavily wounded, 100% to hit)
The magic dart hits the orc priest.
The orc priest is severely wounded.
The orc priest begins to cast a cantrip, but forgets the words!
Casting: Magic Dart (safe; 2% risk of failure)
Confirm with . or Enter, or press ? or * to list all spells.
Aiming: Magic Dart (safe; 2% risk of failure)
Press: ? - help, Shift-Dir - straight line, f/p - orc priest
Aim: an orc priest, wielding a +0 whip and wearing a +0 leather armour (severely wounded, 100% to hit)
The magic dart hits the orc priest but does no damage.
The orc priest is severely wounded.
The orc priest miscasts a cantrip.
The orc priest mumbles some strange prayers to Beogh against you.
Beogh smites you!
* * * LOW HITPOINT WARNING * * *
As you read the scroll of teleportation, it crumbles to dust.
You feel strangely unstable.
The orc priest mumbles some strange prayers to Beogh against you.
Beogh smites you!
You die...

..##...............#
..##.###........#
..##.# ####.....#
#.#..# #)....#
#.#.###########.#
...). #..........
#.## .....
###.####### #..#
...... ###.# ##.#
..... ..#.# #@###...
..#.# #o#?..# ..#.#
#O#...# ###.#
#o..?.# # .# ###...#
# #.### # #)# # .>.
# ###


You could see an ogre and 2 orc priests.

Vanquished Creatures
  Eustachio (D:5)
  Duvessa (D:5)
  2 water moccasins
  A centaur (D:6)
  2 phantoms
  3 scorpions
  Dowan (D:5)
  A howler monkey (D:5)
  A hound (D:5)
  2 jellies
  2 orc priests
  A gnoll bouda (D:6)
  5 iguanas
  An orc wizard (D:4)
  8 gnolls
  6 adders
  2 river rats (D:6)
  A white imp (D:6)
  A worm (D:3)
  3 dart slugs (D:2)
  12 orcs
  6 ball pythons
  A bat (D:2)
  7 endoplasms
  2 giant cockroaches (D:2)
  8 goblins
  7 hobgoblins
  3 jackals
  A quokka (D:4)
  5 frilled lizards
  5 kobolds
  4 rats
106 creatures vanquished.

Notes
Turn   | Place    | Note
-------+----------+-------------------------------------------
     0 | D:1      | Lobster4 the Deep Elf Earth Elementalist began the quest
                  | for the Orb.
     0 | D:1      | Reached XP level 1. HP: 10/10 MP: 6/6
   185 | D:1      | Reached XP level 2. HP: 11/16 MP: 8/8
   452 | D:1      | Learned a level 2 spell: Passwall
   522 | D:1      | You fall into a shaft and drop 1 floor!
   928 | D:2      | Reached skill level 1 in Conjurations
   928 | D:2      | Reached XP level 3. HP: 20/20 MP: 6/9
   933 | D:2      | Learned a level 3 spell: Stone Arrow
  1657 | D:2      | Reached skill level 1 in Fighting
  1795 | D:2      | Reached XP level 4. HP: 25/25 MP: 9/11
  2279 | D:3      | Identified the ring of Darkness {rF++ rCorr}
  2845 | D:4      | Found a sparkling altar of Nemelex Xobeh.
  2905 | D:4      | Reached XP level 5. HP: 11/29 MP: 7/12
  3031 | D:4      | Reached skill level 1 in Short Blades
  3031 | D:4      | Reached skill level 1 in Shields
  3108 | D:4      | Found a staircase to the Ecumenical Temple.
  3123 | Temple   | Entered the Ecumenical Temple
  3128 | Temple   | Became a worshipper of Vehumet
  3226 | D:4      | Reached skill level 1 in Throwing
  3226 | D:4      | Reached skill level 1 in Evocations
  3226 | D:4      | Reached XP level 6. HP: 31/34 MP: 9/13
  3379 | D:4      | Found a hide-covered altar of Uskayaw.
  3385 | D:4      | Reached skill level 1 in Staves
  3694 | D:5      | Entered Level 5 of the Dungeon
  3769 | D:5      | Noticed a water moccasin
  3781 | D:5      | Killed a water moccasin
  3955 | D:5      | Reached XP level 7. HP: 39/39 MP: 13/15
  4003 | D:5      | Found a runed translucent door.
  4004 | D:5      | Noticed Crazy Yiuf
  4189 | D:5      | Noticed Dowan
  4191 | D:5      | Noticed Duvessa
  4202 | D:5      | Noticed Eustachio
  4206 | D:5      | Killed Dowan
  4467 | D:5      | Killed Duvessa
  4502 | D:5      | Killed Eustachio
  4503 | D:5      | Reached skill level 5 in Spellcasting
  4503 | D:5      | Reached XP level 8. HP: 14/45 MP: 12/17
  5006 | D:6      | Reached * piety under Vehumet
  5006 | D:6      | Offered knowledge of Freeze by Vehumet.
  5052 | D:6      | Found a glowing drain.
  5097 | Sewer    | Entered a sewer
  5119 | Sewer    | Learned a level 1 spell: Magic Dart
  5153 | Sewer    | Reached skill level 5 in Stealth
  5509 | D:6      | Reached skill level 5 in Earth Magic
  5522 | D:6      | Killed from afar by an orc priest

Illustrated notes

Levels and vault maps discovered:
D:1:      minmay_arrival_diagonal_passages, layout_loops_ring,
          minmay_strange_pillars, minmay_misc_feat_tiny, minmay_tetromino_s4
D:2:      kennysheep_big_flooded_room, layout_loops_corners,
          corexii_leaking_fountain
D:3:      layout_loops_ring, serial_glass, glass_columns_c, glass_columns_b
D:4:      layout_gridville, eat_drink_and_be_merry_uskayaw,
          nemelex_xobeh_ov_fountains_minmay,
          minmay_temple_entry_drinking_statues, corexii_shack
D:5:      layout_basic, minmay_splitting_lines, kennysheep_generic_room_7,
          uniq_crazy_yiuf_cottage, uniq_duvessa, uniq_eustachio
D:6:      layout_basic, portal_sewer_entry_b, minmay_joined_circles
Temple:   nicolae_temple_bog_church

Skill      XL: |  1  2  3  4  5  6  7  8 |
---------------+-------------------------+-----
Conjurations   | 1 2 3 |  3.5
Fighting       | 1 2 |  2.7
Stealth        | 3 4 5 |  5.1
Dodging        | 3 4 |  4.7
Short Blades   | 1 2 |  2.0
Shields        | 1 2 |  2.5
Earth Magic    | 4 5 |  5.0
Throwing       | 1 2 |  2.3
Evocations     | 1 2 3 |  3.2
Spellcasting   | 4 5 |  5.4
Staves         | 1 2 |  2.0
Transmutations | |  1.1

Action                     |  1- 3 |  4- 6 |  7- 9 || total
---------------------------+-------+-------+-------++-------
  Melee: Whip              |     3 |       |       ||     3
  Throw: Dart              |       |     8 |    10 ||    18
         Stone             |       |     3 |       ||     3
   Cast: Sandblast         |    42 |    73 |    43 ||   158
         Stone Arrow       |       |       |    19 ||    19
         Magic Dart        |       |       |    13 ||    13
    Use: Scroll            |       |     2 |    14 ||    16
         Potion            |       |       |     1 ||     1
   Stab: Sleeping          |     2 |       |       ||     2
 Armour: Robe              |     1 |     5 |    29 ||    35
  Dodge: Dodged            |     2 |    14 |    40 ||    56

Table legend: (Time is in decaauts)
 A = Elapsed time spent in this place.
 B = Non-inter-level travel time spent in this place.
 C = Inter-level travel time spent in this place.
 D = Time resting spent in this place.
 E = Time spent auto-exploring this place.
 F = Levels seen in this place.
 G = Mean time per level.
                   A        B        C        D        E       F      G
               +--------+--------+--------+--------+--------+-----+--------+
         Total |   5609 |   5422 |    187 |    374 |   3969 |   8 |  701.1 |
       Dungeon |   5457 |   5270 |    187 |    374 |   3879 |   6 |  909.5 |
        Temple |     11 |     11 |      0 |      0 |      0 |   1 |   11.0 |
         Sewer |    140 |    140 |      0 |      0 |     90 |   1 |  140.0 |
               +--------+--------+--------+--------+--------+-----+--------+

Top non-repeatable levels by time:
     D:5: 1222 daAuts
     D:2: 1022 daAuts
     D:4: 944 daAuts
     D:1: 925 daAuts
     D:3: 861 daAuts
     D:6: 481 daAuts
   Sewer: 140 daAuts
  Temple: 11 daAuts
